 Dungeon Crawl Stone Soup version 0.31.0-11-ge490571c62 (webtiles) character file.

Game seed: 14626320875610676134

69 EonDragon20 the Changeling (level 4, 0/48 HPs)
             Began as a Merfolk Shapeshifter on Feb 10, 2024.
             Slain by an orc wizard
             ... wielding a +0 dagger
              (1 damage)
             ... on level 3 of the Dungeon.
             The game lasted 00:03:35 (1707 turns).

EonDragon20 the Changeling (Merfolk Shapeshifter)   Turns: 1707, Time: 00:03:36

Health: 0/48       AC:  4    Str: 16    XL:     4   Next: 20%
Magic:  4/4        EV: 12    Int:  9    God:
Gold:   168        SH:  0    Dex: 13    Spells: 3/3 levels left

rFire   . .          .
                       - Unarmed
rCold   . . .        (no shield)
rNeg    . . .        a - +2 animal skin
rPois   .            (helmet currently unavailable)
rElec   .            (cloak currently unavailable)
rCorr   .            (gloves currently unavailable)
SInv    .            (boots currently unavailable)
Will    .....        (no amulet) Stlth
                     (no ring)
HPRegen 0.28/turn    (no ring)
MPRegen 0.09/turn

%: no passive effects
@: confused, berserking, beast-form, attractive, very quick
A: beast (slay +2), (nimble swimmer 2), mertail
a: Begin Untransformation


You were on level 3 of the Dungeon.
You were a hulking beast.
You visited 1 branch of the dungeon, and saw 3 of its levels.

You collected 168 gold pieces.

Inventory:

Armour
 a - a +2 animal skin (worn)
Jewellery
 h - a ring of see invisible
Talismans
 c - a beast talisman
 d - a flux talisman
Scrolls
 e - a scroll of torment {unknown}
 f - a scroll of identify {unknown}
 i - a scroll of enchant weapon {unknown}
 k - a scroll of enchant armour
 m - a scroll of revelation
Potions
 b - a potion of lignification
 j - a potion of haste {unknown}
 l - 2 potions of attraction
 n - a potion of heal wounds {unknown}


   Skills:
 - Level 1.1 Fighting
 - Level 2.6 Dodging
 - Level 4.7 Unarmed Combat
 * Level 4.9 Shapeshifting


You had 3 spell levels left.
You didn't know any spells.
Your spell library contained the following spells:

 Spells                   Type           Power      Damage    Failure   Level
 Blink                    Tloc           0%         N/A       52%         2
 Lesser Beckoning         Tloc           0%         N/A       52%         2
 Momentum Strike          Conj/Tloc      0%         3d8       52%         2


Dungeon Overview and Level Annotations

Branches:
Dungeon (3/15)

Altars:
Dithmenos

Shops:
D:3 **

Annotations:
D:1 1 transporter


Innate Abilities, Weirdness & Mutations

You are a hulking beast.
Your limbs bulge with bestial killing power. (Slay +2)
((You are very nimble when in or above water. (Stealth+, EV+, Speed+++)))
Your lower body shifts to a powerful aquatic tail in water.


Message History

The orc wizard hits you but does no damage.
The orc hits you with a +0 club.
You're too confused to move!
The orc hits you with a +0 club. The orc wizard casts a spell at you.
The puff of flame hits you!
You hit the orc but do no damage. The orc barely misses you.
The orc wizard points at you and mumbles some strange words.
The magic dart hits you.
* * * LOW HITPOINT WARNING * * *
You see here a rat corpse.
Okay, then.
You are too confused!
It was a potion of attraction.
You feel attractive to monsters.
The orc wizard hits you with a +0 dagger.
* * * LOW HITPOINT WARNING * * *
The orc hits you with a +0 club.
* * * LOW HITPOINT WARNING * * *
It was a potion of berserk rage.
A red film seems to cover your vision as you go berserk!
You feel yourself moving faster!
You feel mighty! The orc hits you with a +0 war axe.
* * * LOW HITPOINT WARNING * * *
The orc wizard hits you but does no damage.
The orc hits you with a +0 club.
* * * LOW HITPOINT WARNING * * *
You are too berserk!
You barely miss the orc.
You feel less confused. The orc misses you.
You closely miss the orc wizard.
The orc wizard is heavily wounded.
The orc wizard gestures at you while chanting.
You are confused.
The orc hits you with a +0 club.
* * * LOW HITPOINT WARNING * * *
You're too confused to move!
The orc hits you with a +0 war axe.
* * * LOW HITPOINT WARNING * * *
The orc wizard hits you with a +0 dagger.
You die...

##.PP...#### #.# #
#..........# #.# ##
#...#.#.##.# #.# .#
####.#.....##.# #.#
.###....###.####.#####.#
........###.#..........#
..........††..##.####).#
..###.#.###......o.....#
>.# #.........[.ho....##
.)......#........o.##.#
..#######....###..#.#.#
..# ##.#.# #.###..# ###
#.#.##.## #...# #.#.###
....# o....# ..#.o..
##.##..##


You could see an orc wizard and 2 orcs.

Vanquished Creatures
  An adder (D:2)
  2 dart slugs (D:1)
  An orc (D:3)
  2 bats
  5 endoplasms
  A giant cockroach (D:1)
  6 goblins
  6 hobgoblins
  4 jackals (D:1)
  A quokka (D:2)
  6 ball pythons
  5 frilled lizards
  6 kobolds
  4 rats
50 creatures vanquished.

Notes
Turn   | Place    | Note
-------+----------+-------------------------------------------
     0 | D:1      | EonDragon20 the Merfolk Shapeshifter began the quest for
                  | the Orb.
     0 | D:1      | Reached XP level 1. HP: 15/15 MP: 1/1
    49 | D:1      | Reached XP level 2. HP: 17/21 MP: 2/2
   369 | D:1      | Reached XP level 3. HP: 19/26 MP: 3/3
  1134 | D:2      | Reached XP level 4. HP: 32/32 MP: 4/4
  1143 | D:2      | Found a shadowy altar of Dithmenos.
  1576 | D:3      | Found Inta's General Store.
  1602 | D:3      | Found Tuemoska's Assorted Antiques.
  1707 | D:3      | HP: 1/48 [orc/+0 war axe (6)]
  1707 | D:3      | Slain by an orc wizard

Illustrated notes

Levels and vault maps discovered:
D:1:      spicycebolla_arrival_risky_transporter, layout_basic,
          dk_noncrumbling_3, interstate_on_off, kennysheep_minor_cross
D:2:      layout_basic, basic_altar
D:3:      cheibrodos_fertilizer, layout_loops_ring,
          nicolae_elyvilon_temple_path, serial_shops, shop, shop,
          nicolae_shop_hallway_stairs, shop, nicolae_shop_overgrown_old_shop,
          st_stairs_14, uniq_grinder, uniq_crazy_yiuf_cottage, uniq_jessica

Skill      XL: |  1  2 |
---------------+-------+-----
Unarmed Combat | 4 |  4.7
Fighting       | |  1.1
Dodging        | |  2.6
Shapeshifting  | |  4.9

Action                     |  1- 3 |  4- 6 || total
---------------------------+-------+-------++-------
  Melee: Unarmed           |   101 |    32 ||   133
    Use: Scroll            |     5 |       ||     5
         Potion            |       |     2 ||     2
   Stab: Sleeping          |     3 |       ||     3
 Armour: Animal skin       |    34 |    29 ||    63
  Dodge: Dodged            |    57 |    18 ||    75
